 Dungeon Crawl Stone Soup version 0.18.1-48-g4cf74bf (webtiles) character file.

45765 Peloso the Peltast (level 14, 0/187 HPs)
             Began as a Minotaur Fighter on June 30, 2016.
             Was the Champion of Okawaru.
             Slain by a six-headed hydra (1 damage)
             ... on level 5 of the Lair of Beasts.
             The game lasted 00:57:27 (16865 turns).

Peloso the Peltast (Minotaur Fighter)              Turns: 16865, Time: 00:57:28

Health: 0/187      AC: 28    Str: 29    XL:     14   Next: 2%
Magic:  0/14       EV:  2    Int:  5    God:    Okawaru [******]
Gold:   878        SH:  0    Dex: 12    Spells: 0 memorised, 13 levels left

rFire  . . .     SeeInvis .     e - +9 double sword (slice)
rCold  + . .     Gourm    .     E - +1 plate armour {rC+}
rNeg   + + +     Faith    +     O - +1 large shield {reflect}
rPois  ∞         Spirit   +     S - +2 hat {Spirit}
rElec  .         Dismiss  .     N - +1 cloak
rCorr  .         Reflect  +     T - +2 pair of gloves
SustAt .         Harm     .     o - +2 pair of boots {Stlth+}
MR     +....                    y - amulet of faith
Stlth  ..........               (no ring)
                                K - ring of poison resistance

@: berserking, petrified, manticore barbs, somewhat resistant to hostile
enchantments, extremely unstealthy
A: retaliatory headbutt, horns 2
a: Heroism, Finesse, Renounce Religion


You were on level 5 of the Lair of Beasts.
You worshipped Okawaru.
Okawaru was exalted by your worship.
You were not hungry.

You visited 3 branches of the dungeon, and saw 19 of its levels.

You collected 878 gold pieces.

Inventory:

Hand Weapons
 e - a +9 double sword of slicing (weapon)
 R - a +0 scimitar of flaming
 X - the +5 battleaxe "Vupteyg" {flame, rPois, unknown}
   (You found it on level 4 of the Lair of Beasts)

   It has been specially enchanted to burn those struck by it, causing extra
   injury to most foes and up to half again as much damage against particularly
   susceptible opponents.
   Big, fiery blades are also staple armaments of hydra-hunters.
   It protects you from poison.
Armour
 o - a +2 pair of boots of stealth (worn)
 E - a +1 plate armour of cold resistance (worn)
 N - a +1 cloak (worn)
 O - a +1 large shield of reflection (worn)
 S - a +2 hat of spirit shield (worn)
 T - a +2 pair of gloves (worn)
Jewellery
 k - the ring of Assed {+Blink Dex+2 Stlth+}
   (You found it on level 2 of the Lair of Beasts)

   [ring of stealth]

   It affects your dexterity (+2).
   It lets you blink.
   It makes you more stealthy.
 t - an uncursed ring of ice
 v - an uncursed ring of protection from fire
 y - an amulet of faith (around neck)
 D - an uncursed ring of flight
 K - a ring of poison resistance (left hand)
 L - an uncursed amulet of dismissal {unknown}
 V - an uncursed amulet of harm {unknown}
Wands
 c - a wand of random effects (23/48)
Scrolls
 d - 5 scrolls of remove curse
 s - 2 scrolls of magic mapping
 B - a scroll of identify
 G - a scroll of teleportation
 I - 2 scrolls of fear
 M - a scroll of enchant weapon
 Z - a scroll of fog
Potions
 b - 2 potions of lignification {unknown}
 h - 2 potions of heal wounds
 j - a potion of resistance
 l - 4 potions of curing
 n - 4 potions of flight
 p - a potion of haste
 x - 4 potions of agility
 A - a potion of might
 C - a potion of magic
 U - a potion of ambrosia {unknown}
 W - a potion of cure mutation {unknown}
Comestibles
 f - 12 bread rations
 g - 12 beef jerkies
 i - 6 fruits
 m - 4 chunks of flesh
 u - 15 meat rations
 w - 7 royal jellies


   Skills:
 + Level 11.9 Fighting
 + Level 15.4 Long Blades
 + Level 12.0 Armour
 + Level 6.1 Dodging
 + Level 0.8 Stealth
 + Level 16.4 Shields
 + Level 1.7 Invocations


You had 13 spell levels left.
You didn't know any spells.

Dungeon Overview and Level Annotations

Branches:
Dungeon (13/15)            Temple (1/1) D:6            Lair (5/8) D:10
  Swamp (0/4) Lair:3          Orc (0/2) D:12
  Snake: Lair:3-6    Spider: Lair:3-6    Vaults: D:13-14

Altars:
Ashenzari
Cheibriados
Dithmenos
Elyvilon
Makhleb
Okawaru
Qazlal
Sif Muna
Trog
Xom
The Shining One

Annotations:
Lair:5 Kloppie's ghost, journeyman MiAK


Innate Abilities, Weirdness & Mutations

You reflexively headbutt those who attack you in melee.
You have a pair of horns on your head.


Message History

You slice the manticore!! You headbutt the manticore!
You kill the manticore!
Okawaru accepts your kill.
The six-headed hydra bites you but does no damage.
The six-headed hydra barely misses you.
The six-headed hydra bites you but does no damage. x3
The six-headed hydra closely misses you.
You have turned to stone.
Kloppie's ghost shouts, "You will never get the ORB!"
Kloppie's ghost hits you but does no damage.
The komodo dragon bites you but does no damage.
The six-headed hydra bites you but does no damage. x2
The six-headed hydra completely misses you.
The six-headed hydra bites you but does no damage. x2
The six-headed hydra bites you!
* * * LOW HITPOINT WARNING * * *
Kloppie's ghost hits you but does no damage.
The komodo dragon bites you but does no damage.
The six-headed hydra bites you.
You die...

#P......... #..
...#. #.##...###
###.#..+..##
###.#...÷....# ##
.#P..(...<÷...##.#
#......H.....÷..##
P..#PDWl........#
##.@....÷....# .
#..†........##..Hl
#..........÷......
##....###.##..#H..
#....# ### ##
#..#... ##...#..
#####..P


You could see a six-headed hydra, a komodo dragon, a hippogriff and Kloppie's
ghost.

Vanquished Creatures
  Maud (D:10)
  Josephine (D:11)
  Erolcha (D:8)
  4 hydras
  Harold (D:10)
  Erica (D:10)
  Sonja (D:11)
  An unseen horror (D:12)
  A hill giant (D:12)
  A wizard (D:13)
  A deep elf mage (D:13)
  A cyclops (D:12)
  2 manticores (Lair:5)
  An ugly thing (D:12)
  3 black mambas
  12 elephants
  Psyche (D:11)
  A gargoyle (D:12)
  8 spiny frogs
  9 komodo dragons
  6 rime drakes
  A queen bee (Lair:3)
  2 trolls
  Grinder (D:5)
  Prince Ribbit (D:7)
  2 giant leeches (Lair:3)
  A shadow (D:12)
  Sigmund (D:5)
  6 wyverns
  51 yaks
  5 wraiths
  7 basilisks
  10 hippogriffs
  Eustachio (D:5)
  A hungry ghost (D:11)
  5 water moccasins
  A hell hound (Lair:5)
  A porcupine (Lair:2)
  6 orc warriors
  2 sky beasts
  Duvessa (D:6)
  3 black bears
  2 ice beasts
  14 ogres
  2 phantoms
  An eye of draining (D:8)
  4 centaurs
  A wasp (D:11)
  8 wolves
  4 crocodiles
  15 giant frogs
  4 big kobolds (D:8)
  Dowan (D:6)
  A water moccasin zombie (D:5)
  A scorpion (D:11)
  17 killer bees (Lair:3)
  13 wights
  9 howler monkeys
  10 crimson imps
  A centaur skeleton (D:12)
  4 hounds
  5 jellies
  2 giant frog skeletons
  2 gnoll shamans (D:8)
  9 orc priests
  5 iguanas
  8 orc wizards
  4 worker ants
  A killer bee zombie (D:11)
  6 sheep (Lair:4)
  A hound skeleton (D:10)
  17 gnolls
  16 adders
  27 river rats
  2 shadow imps
  An ooze (D:2)
  2 adder skeletons
  2 adder zombies
  4 worms
  6 dart slugs
  6 giant geckos
  38 orcs
  A ball python (D:4)
  7 bats
  5 giant cockroaches
  8 hobgoblins
  17 jackals
  6 quokkas
  3 giant newts
  7 goblins
  12 kobolds
  A quokka skeleton (D:4)
  5 rats
  A bush (D:10)
516 creatures vanquished.

Vanquished Creatures (others)
  8 fungi
  13 plants
21 creatures vanquished.

Grand Total: 537 creatures vanquished

Notes
Turn   | Place    | Note
--------------------------------------------------------------
     0 | D:1      | Peloso the Minotaur Fighter began the quest for the Orb.
     0 | D:1      | Reached XP level 1. HP: 19/19 MP: 0/0
   147 | D:1      | Reached XP level 2. HP: 27/27 MP: 1/1
   162 | D:1      | Reached skill level 4 in Shields
   724 | D:2      | Reached XP level 3. HP: 33/33 MP: 2/2
   945 | D:2      | Reached XP level 4. HP: 25/40 MP: 3/3
   948 | D:2      | Reached skill level 5 in Shields
  1329 | D:2      | Reached skill level 1 in Dodging
  1560 | D:3      | Reached XP level 5. HP: 44/46 MP: 4/4
  1633 | D:3      | Found a shadowy altar of Dithmenos.
  2410 | D:4      | Reached XP level 6. HP: 37/53 MP: 5/5
  2656 | D:5      | Entered Level 5 of the Dungeon
  2806 | D:5      | Noticed Grinder
  2808 | D:5      | Reached skill level 5 in Armour
  2822 | D:5      | Killed Grinder
  2822 | D:5      | Reached skill level 5 in Fighting
  2822 | D:5      | Reached skill level 6 in Shields
  2822 | D:5      | Reached XP level 7. HP: 34/61 MP: 6/6
  3126 | D:5      | Noticed Eustachio
  3164 | D:5      | Killed Eustachio
  3261 | D:5      | Found a stormy altar of Qazlal.
  3264 | D:5      | Noticed Sigmund
  3290 | D:5      | Killed Sigmund
  3290 | D:5      | Reached skill level 5 in Long Blades
  3290 | D:5      | Reached XP level 8. HP: 56/69 MP: 7/7
  3367 | D:5      | Found an iron altar of Okawaru.
  3370 | D:5      | Became a worshipper of Warmaster Okawaru
  3545 | D:6      | Found a staircase to the Ecumenical Temple.
  3551 | Temple   | Entered the Ecumenical Temple
  3618 | D:6      | Reached skill level 7 in Shields
  3630 | D:6      | Found a shimmering altar of Xom.
  3944 | D:6      | Found a shimmering altar of Xom.
  3944 | D:6      | Found a glowing golden altar of the Shining One.
  3944 | D:6      | Found a deep blue altar of Sif Muna.
  3944 | D:6      | Found a burning altar of Makhleb.
  3951 | D:6      | Noticed Dowan
  3953 | D:6      | Noticed Duvessa
  3977 | D:6      | Killed Duvessa
  3985 | D:6      | Killed Dowan
  3985 | D:6      | Reached * piety under Okawaru
  3997 | D:6      | Found a shattered altar of Ashenzari.
  3997 | D:6      | Found a snail-covered altar of Cheibriados.
  4683 | D:6      | Reached ** piety under Okawaru
  4787 | D:6      | Reached skill level 8 in Shields
  4787 | D:6      | Reached XP level 9. HP: 39/78 MP: 8/8
  5040 | D:7      | Got a scorched glass ring
  5045 | D:7      | Noticed Prince Ribbit
  5067 | D:7      | Identified the ring "Wauseydgh" {Fire +Inv} (You found it on level 7 of the Dungeon)
  5220 | D:7      | Killed Prince Ribbit
  5276 | D:7      | Found a white marble altar of Elyvilon.
  5914 | D:7      | Noticed a moth of wrath
  5917 | D:7      | Found a bloodstained altar of Trog.
  6190 | D:8      | Reached skill level 9 in Shields
  6323 | D:8      | Reached skill level 1 in Invocations
  6374 | D:8      | Reached *** piety under Okawaru
  6616 | D:8      | Reached skill level 10 in Shields
  6712 | D:8      | Reached XP level 10. HP: 82/86 MP: 9/9
  6715 | D:8      | Reached **** piety under Okawaru
  7574 | D:8      | Noticed Erolcha
  7586 | D:8      | Killed Erolcha
  7586 | D:8      | Reached ***** piety under Okawaru
  7586 | D:8      | Received a gift from Okawaru
  7586 | D:8      | Reached skill level 5 in Dodging
  7586 | D:8      | Reached skill level 11 in Shields
  8381 | D:9      | Reached skill level 10 in Long Blades
  8586 | D:9      | Reached skill level 12 in Shields
  8683 | D:9      | Reached XP level 11. HP: 88/95 MP: 10/10
  8689 | D:9      | Received a gift from Okawaru
  9004 | D:10     | Entered Level 10 of the Dungeon
  9027 | D:10     | Noticed Harold
  9069 | D:10     | Killed Harold
  9207 | D:10     | Noticed Erica
  9224 | D:10     | Killed Erica
  9266 | D:10     | Found a staircase to the Lair.
  9415 | D:10     | Noticed Maud
  9439 | D:10     | Killed Maud
  9439 | D:10     | Received a gift from Okawaru
  9439 | D:10     | Reached skill level 10 in Armour
  9704 | D:11     | Noticed Psyche
  9711 | D:11     | Killed Psyche
  9832 | D:11     | Noticed Sonja
  9838 | D:11     | Killed Sonja
  9962 | D:11     | Reached skill level 13 in Shields
 10020 | D:11     | Noticed Josephine
 10105 | D:10     | Reached ****** piety under Okawaru
 10145 | D:11     | Killed Josephine
 10313 | D:11     | Reached XP level 12. HP: 106/106 MP: 12/12
 10362 | D:11     | Received a gift from Okawaru
 10788 | D:12     | Reached skill level 10 in Fighting
 11103 | D:12     | Found a staircase to the Orcish Mines.
 11167 | D:12     | Reached skill level 14 in Shields
 11718 | D:13     | Identified the Handbook of Axaxaxas mlö (You found it on level 13 of the Dungeon)
 11820 | Lair:1   | Entered Level 1 of the Lair of Beasts
 12357 | Lair:1   | Received a gift from Okawaru
 12903 | Lair:2   | Got an ancient bronze ring
 12913 | Lair:2   | Identified the ring of Assed {+Blink Dex+2 Stlth+} (You found it on level 2 of the Lair of Beasts)
 13118 | Lair:2   | Noticed a four-headed hydra
 13126 | Lair:2   | Killed a one-headed hydra
 13126 | Lair:2   | Reached XP level 13. HP: 111/116 MP: 11/13
 13909 | Lair:3   | Reached skill level 15 in Shields
 13977 | Lair:3   | Received a gift from Okawaru
 14083 | Lair:3   | Found a staircase to the Swamp.
 14575 | Lair:3   | Received a gift from Okawaru
 14705 | Lair:3   | Identified a scroll of acquirement
 15014 | Lair:4   | Reached skill level 15 in Long Blades
 15317 | Lair:4   | Received a gift from Okawaru
 15336 | Lair:4   | Reached skill level 16 in Shields
 15572 | Lair:4   | Got a shimmering battleaxe
 16562 | Lair:4   | Received a gift from Okawaru
 16839 | Lair:5   | Reached XP level 14. HP: 108/125 MP: 9/14
 16840 | Lair:5   | Noticed Kloppie's ghost (journeyman MiAK)
 16853 | Lair:5   | HP: 6/125 [manticore/volley of spikes (12)]
 16862 | Lair:5   | HP: 6/187 [manticore (4)]
 16862 | Lair:5   | HP: 2/187 [komodo dragon (1)]
 16865 | Lair:5   | Slain by a six-headed hydra

Skill      XL: |  1  2  3  4  5  6  7  8  9 10 11 12 13 |
---------------+----------------------------------------+-----
Shields        | 4 5 6 8 10 12 13 14 16 | 16.4
Armour         | 4 5 6 7 8 9 10 11 12 | 12.0
Fighting       | 4 5 6 7 8 9 11 | 11.9
Long Blades    | 3 4 5 7 8 10 12 14 15 | 15.4
Dodging        | 1 2 3 4 5 6 |  6.1
Invocations    | 1 |  1.7
Stealth        | |  0.8

Action                   |  1- 3 |  4- 6 |  7- 9 | 10-12 | 13-15 || total
-------------------------+-------+-------+-------+-------+-------++-------
Melee: Long sword        |    62 |   174 |   422 |    97 |       ||   755
       Headbutt          |     8 |    27 |    89 |   144 |    97 ||   365
       Scimitar          |       |       |       |   267 |    34 ||   301
       Double sword      |       |       |       |   334 |   333 ||   667
       Falchion          |       |       |       |       |     5 ||     5
Invok: Heroism           |       |       |     3 |     5 |     1 ||     9
  Use: Potion            |       |       |     3 |       |     4 ||     7
       Scroll            |       |       |    14 |    12 |     3 ||    29
  Eat: Chunk             |       |     6 |    14 |    22 |    11 ||    53
       Pizza             |       |       |       |       |     1 ||     1
Armor: Scale mail        |    36 |    59 |       |       |       ||    95
       Plate armour      |       |    15 |   238 |   215 |   472 ||   940
Dodge: Dodged            |    23 |    59 |    94 |    99 |   141 ||   416
Block: Shield            |    34 |   111 |   189 |       |       ||   334
       Large shield      |       |       |   169 |   687 |   558 ||  1414
       Reflection        |       |       |       |       |     3 ||     3
